TOP OF THE 1ST |
Florida State University Seminoles batting - Pitching for Louisiana State University Tigers : LHP Logan Corrigan
|
Pitching: LHP Logan Corrigan
|
|
Batting: RHB Ray Johnson
|
0-0: Called Strike 0-1: Foul Ball, location: 2F 0-2: Strikes out swinging
|
Batting: RHB Ruben Moreno
|
0-0: Ball 1-0: Ball 2-0: Ball 3-0: Called Strike 3-1: Called Strike 3-2: Foul Ball, location: 2F 3-2: Base on Balls
|
Batting: LHB Ethan Ware
|
0-0: Ball 1-0: Called Strike 1-1: Called Strike Ruben Moreno steals 2nd, throwing error, E2 Ruben Moreno to third 1-2: Foul Ball, location: 2F 1-2: Ball 2-2: Strikes out looking
|
Batting: LHB Simon Barry
|
0-0: Swinging Strike 0-1: Reached on error, E7 (Flyball, 7, EV 78.8 MPH) Ruben Moreno scores
|
Batting: RHB Ed Vilches
|
0-0: Ball 1-0: Ball 2-0: Foul Ball, location: 2F 2-1: Swinging Strike 2-2: Strikes out swinging
|
Top of the 1st over - 1 run, 0 hits, 2 errors, 1 left on base; Florida State University 1 - Louisiana State University 0 |
BOTTOM OF THE 1ST |
Louisiana State University Tigers batting - Pitching for Florida State University Seminoles : RHP Jeff Blakeney
|
Pitching: RHP Jeff Blakeney
|
|
Batting: RHB Peter Turcotte
|
0-0: Called Strike 0-1: Called Strike 0-2: Ball 1-2: Ball 2-2: Foul Ball, location: 2F 2-2: Ball 3-2: Foul Ball, location: 2F 3-2: Strikes out swinging
|
Batting: RHB Pete Roberts
|
0-0: Ball 1-0: Ball 2-0: Ball 3-0: Called Strike 3-1: Ground out 6-3 (Groundball, 56, EV 79.4 MPH)
|
Batting: RHB Steve McCoig
|
0-0: Ball 1-0: Ground out 6-3 (Groundball, 6S, EV 68.8 MPH)
|
Bottom of the 1st over - 0 runs, 0 hits, 0 errors, 0 left on base; Florida State University 1 - Louisiana State University 0 |
TOP OF THE 2ND |
Florida State University Seminoles batting - Pitching for Louisiana State University Tigers : LHP Logan Corrigan
|
Batting: RHB Tony Valdez
|
0-0: Ball 1-0: SINGLE (Groundball, 25, EV 67.5 MPH) (infield hit)
|
Batting: LHB Henry Huezo
|
0-0: Ball 1-0: Foul Ball, location: 2F 1-1: Ball 2-1: Called Strike 2-2: Fielders Choice at 2nd, 5-4 (Groundball, 5, EV 86.2 MPH)
|
Batting: RHB Adam McMillen
|
0-0: Called Strike 0-1: Foul Ball, location: 2F 0-2: Strikes out swinging
|
Batting: RHB Terry Cisneros
|
0-0: Ball 1-0: Ball 2-0: Foul Ball, location: 2F 2-1: Ball 3-1: Foul Ball, location: 2F 3-2: Foul Ball, location: 2F 3-2: Strikes out looking
|
Top of the 2nd over - 0 runs, 1 hit, 0 errors, 1 left on base; Florida State University 1 - Louisiana State University 0 |
BOTTOM OF THE 2ND |
Louisiana State University Tigers batting - Pitching for Florida State University Seminoles : RHP Jeff Blakeney
|
Batting: RHB Michael Maier
|
0-0: Called Strike 0-1: Ground out 1-3 (Groundball, P, EV 68.1 MPH)
|
Batting: LHB Alex Morales
|
0-0: Called Strike 0-1: Ball 1-1: Foul Ball, location: 2F 1-2: Foul Ball, location: 2F 1-2: Strikes out swinging
|
Batting: LHB Josh Lane
|
0-0: Called Strike 0-1: Fly out, F7 (Flyball, 7D, EV 103.8 MPH)
|
Bottom of the 2nd over - 0 runs, 0 hits, 0 errors, 0 left on base; Florida State University 1 - Louisiana State University 0 |
TOP OF THE 3RD |
Florida State University Seminoles batting - Pitching for Louisiana State University Tigers : LHP Logan Corrigan
|
Batting: RHB Ray Johnson
|
0-0: Called Strike 0-1: Ball 1-1: Foul Ball, location: 2F 1-2: Strikes out swinging
|
Batting: RHB Ruben Moreno
|
0-0: Ground out 5-3 (Groundball, 5, EV 89.4 MPH)
|
Batting: LHB Ethan Ware
|
0-0: Ball 1-0: Fly out, F9 (Flyball, 9, EV 87.5 MPH)
|
Top of the 3rd over - 0 runs, 0 hits, 0 errors, 0 left on base; Florida State University 1 - Louisiana State University 0 |
BOTTOM OF THE 3RD |
Louisiana State University Tigers batting - Pitching for Florida State University Seminoles : RHP Jeff Blakeney
|
Batting: RHB Jesus Resendez
|
0-0: Ball 1-0: Ground out 4-3 (Groundball, 4M, EV 108.1 MPH)
|
Batting: RHB Alfredo Padilla
|
0-0: Ball 1-0: Foul Ball, location: 2F 1-1: Foul Ball, location: 2F 1-2: Fly out, F2 (Popup, 5SF, EV 80.0 MPH)
|
Batting: RHB Jake Garza
|
0-0: Foul Ball, location: 2F 0-1: Ball 1-1: Fly out, F3 (Popup, 3F, EV 73.8 MPH)
|
Bottom of the 3rd over - 0 runs, 0 hits, 0 errors, 0 left on base; Florida State University 1 - Louisiana State University 0 |
TOP OF THE 4TH |
Florida State University Seminoles batting - Pitching for Louisiana State University Tigers : LHP Logan Corrigan
|
Batting: LHB Simon Barry
|
0-0: Ball 1-0: Ball 2-0: Ball 3-0: Called Strike 3-1: Foul Ball, location: 2F 3-2: Foul Ball, location: 2F 3-2: Foul Ball, location: 2F 3-2: Base on Balls
|
Batting: RHB Ed Vilches
|
0-0: Ball 1-0: Fielders Choice at 2nd, 5-4 (Groundball, 56, EV 104.4 MPH)
|
Batting: RHB Tony Valdez
|
0-0: Swinging Strike 0-1: Called Strike 0-2: Grounds into double play, 4-6-3 (Groundball, 34, EV 101.2 MPH)
|
Top of the 4th over - 0 runs, 0 hits, 0 errors, 0 left on base; Florida State University 1 - Louisiana State University 0 |
BOTTOM OF THE 4TH |
Louisiana State University Tigers batting - Pitching for Florida State University Seminoles : RHP Jeff Blakeney
|
Batting: RHB Peter Turcotte
|
0-0: Ball 1-0: Fly out, F8 (Flyball, 8LD, EV 101.2 MPH)
|
Pitching: RHP John Woodford
|
|
Batting: RHB Pete Roberts
|
0-0: Foul Ball, location: 2F 0-1: Called Strike 0-2: Foul Ball, location: 2F 0-2: Strikes out swinging
|
Batting: RHB Steve McCoig
|
0-0: Ball 1-0: Foul Ball, location: 2F 1-1: Ground out 6-3 (Groundball, 6M, EV 79.4 MPH)
|
Bottom of the 4th over - 0 runs, 0 hits, 0 errors, 0 left on base; Florida State University 1 - Louisiana State University 0 |
TOP OF THE 5TH |
Florida State University Seminoles batting - Pitching for Louisiana State University Tigers : LHP Logan Corrigan
|
Batting: LHB Henry Huezo
|
0-0: Ball 1-0: Fly out, F8 (Flyball, 89S, EV 88.8 MPH)
|
Batting: RHB Adam McMillen
|
0-0: Ball 1-0: Ball 2-0: Foul Ball, location: 2F 2-1: Ball 3-1: Base on Balls
|
Batting: RHB Terry Cisneros
|
0-0: Reached on error, E6 (Groundball, 56, EV 88.8 MPH) Adam McMillen to second
|
Batting: RHB Ray Johnson
|
0-0: Foul Ball, location: 2F 0-1: Fly out, F8 (Flyball, 8LD, EV 90.0 MPH)
|
Batting: RHB Ruben Moreno
|
0-0: Ball 1-0: Ball 2-0: Fly out, F4 (Popup, 4S, EV 77.5 MPH)
|
Top of the 5th over - 0 runs, 0 hits, 1 error, 2 left on base; Florida State University 1 - Louisiana State University 0 |
BOTTOM OF THE 5TH |
Louisiana State University Tigers batting - Pitching for Florida State University Seminoles : RHP John Woodford
|
Pinch Hitting: SHB Brian Caruso
|
0-0: Fly out, F2 (Popup, 2R, EV 91.9 MPH)
|
Batting: LHB Alex Morales
|
0-0: Foul Ball, location: 2F 0-1: Ground out U3 (Groundball, 3L, EV 88.8 MPH)
|
Batting: LHB Josh Lane
|
0-0: Called Strike 0-1: Ball 1-1: Ball 2-1: Called Strike 2-2: Ground out 1-3 (Groundball, 13S, EV 63.1 MPH)
|
Bottom of the 5th over - 0 runs, 0 hits, 0 errors, 0 left on base; Florida State University 1 - Louisiana State University 0 |
TOP OF THE 6TH |
Florida State University Seminoles batting - Pitching for Louisiana State University Tigers : LHP Logan Corrigan
|
Now at 2B: Winston Vasquez
|
|
Batting: LHB Ethan Ware
|
0-0: Called Strike 0-1: Fly out, F9 (Flyball, 9LM, EV 95.6 MPH)
|
Pitching: RHP Brian Hilbert
|
|
Batting: LHB Simon Barry
|
0-0: Ball 1-0: Foul Ball, location: 2F 1-1: Foul Ball, location: 2F 1-2: Foul Ball, location: 2F 1-2: Strikes out swinging
|
Batting: RHB Ed Vilches
|
0-0: Called Strike 0-1: Hit by Pitch
|
Batting: RHB Tony Valdez
|
0-0: Called Strike 0-1: Ball 1-1: Swinging Strike 1-2: Foul Ball, location: 2F Pickoff Throw to First - Out! 1-3 CS
|
Top of the 6th over - 0 runs, 0 hits, 0 errors, 0 left on base; Florida State University 1 - Louisiana State University 0 |
BOTTOM OF THE 6TH |
Louisiana State University Tigers batting - Pitching for Florida State University Seminoles : RHP John Woodford
|
Pinch Hitting: RHB Byung-hee Jee
|
0-0: Ground out 2-3 (Groundball, 2L, EV 66.9 MPH)
|
Batting: RHB Alfredo Padilla
|
0-0: Swinging Strike 0-1: Ball 1-1: Fly out, F8 (Flyball, 8RXD, EV 101.9 MPH)
|
Pinch Hitting: RHB Stewart Walker
|
0-0: Ball 1-0: Ball 2-0: SINGLE (Line Drive, 8RS, EV 98.1 MPH)
|
Pinch Hitting: LHB Jon Valdez
|
0-0: Foul Ball, location: 2F 0-1: Ball 1-1: Ball 2-1: Swinging Strike 2-2: Ball 3-2: SINGLE (Groundball, 4MD, EV 106.9 MPH) Stewart Walker to second Stewart Walker to third
|
Batting: RHB Zachary Acker
|
0-0: Foul Ball, location: 2F 0-1: Swinging Strike 0-2: Ball 1-2: Ball 2-2: Foul Ball, location: 2F 2-2: Strikes out swinging
|
Bottom of the 6th over - 0 runs, 2 hits, 0 errors, 2 left on base; Florida State University 1 - Louisiana State University 0 |
TOP OF THE 7TH |
Florida State University Seminoles batting - Pitching for Louisiana State University Tigers : RHP Brian Hilbert
|
Now at 1B: Jon Valdez
|
|
Now in LF: Alex Morales
|
|
Now in CF: John Carter
|
|
Now in RF: Elvin Ruffolo
|
|
Batting: RHB Tony Valdez
|
0-0: Called Strike 0-1: Ball 1-1: Swinging Strike 1-2: Ball 2-2: Ball 3-2: SINGLE (Line Drive, 4D, EV 101.2 MPH)
|
Batting: LHB Henry Huezo
|
0-0: Ball 1-0: Sac Bunt to 25 - play at first, batter OUT! 5-3 Tony Valdez to second
|
Batting: RHB Adam McMillen
|
0-0: Intentional Walk
|
Batting: RHB Terry Cisneros
|
0-0: Called Strike Tony Valdez steals 3rd base Adam McMillen to second 0-1: Ball 1-1: Ball 2-1: Called Strike 2-2: Foul Ball, location: 2F 2-2: Fly out, F8 (Flyball, 78S, EV 95.6 MPH)
|
Batting: RHB Ray Johnson
|
0-0: Ball 1-0: Swinging Strike 1-1: Fly out, F8 (Flyball, 8LD, EV 90.6 MPH)
|
Top of the 7th over - 0 runs, 1 hit, 0 errors, 2 left on base; Florida State University 1 - Louisiana State University 0 |
BOTTOM OF THE 7TH |
Louisiana State University Tigers batting - Pitching for Florida State University Seminoles : RHP John Woodford
|
Batting: RHB Steve McCoig
|
0-0: Called Strike 0-1: Swinging Strike 0-2: Ball 1-2: Foul Ball, location: 2F 1-2: Foul Ball, location: 2F 1-2: Ball 2-2: SOLO HOME RUN (Flyball, 7D, EV 98.8 MPH), Distance : 386 ft
|
Pinch Hitting: LHB Earl Silver
|
0-0: Ground out 5-3 (Groundball, 56, EV 101.9 MPH)
|
Batting: LHB Alex Morales
|
0-0: Called Strike 0-1: Ball 1-1: Foul Ball, location: 2F 1-2: Ball 2-2: Strikes out looking
|
Batting: LHB Josh Lane
|
0-0: Called Strike 0-1: Ball 1-1: Called Strike 1-2: SINGLE (Groundball, 6D, EV 105.6 MPH)
|
Pitching: RHP Bob Guerrero
|
|
Batting: LHB John Carter
|
0-0: Ball 1-0: Swinging Strike Pickoff Throw to First - Out! 1-3 CS
|
Bottom of the 7th over - 1 run, 2 hits, 0 errors, 0 left on base; Florida State University 1 - Louisiana State University 1 |
TOP OF THE 8TH |
Florida State University Seminoles batting - Pitching for Louisiana State University Tigers : RHP Brian Hilbert
|
Now at 2B: Mike Catalano
|
|
Pinch Hitting: LHB John Doiron
|
0-0: Ball 1-0: Called Strike 1-1: Foul Ball, location: 2F 1-2: Foul Ball, location: 2F 1-2: Reached via error on a dropped throw from 2B, E3 (Groundball, 4, EV 83.1 MPH)
|
Batting: LHB Ethan Ware
|
0-0: Foul Ball, location: 2F 0-1: Ball 1-1: Ball 2-1: Called Strike 2-2: Strikes out swinging
|
Pinch Hitting: SHB Jason Farr
|
0-0: Called Strike 0-1: Called Strike 0-2: Ball 1-2: Ball 2-2: Ball 3-2: Strikes out looking John Doiron is caught stealing 2nd base 2-6 Batter strikes out.
|
Top of the 8th over - 0 runs, 0 hits, 1 error, 0 left on base; Florida State University 1 - Louisiana State University 1 |
BOTTOM OF THE 8TH |
Louisiana State University Tigers batting - Pitching for Florida State University Seminoles : RHP Bob Guerrero
|
Now at 3B: Jeff Shields
|
|
Now in RF: Washichi Goto
|
|
Pinch Hitting: LHB Manny Grado
|
0-0: Ball 1-0: Called Strike 1-1: Fly out, F8 (Flyball, 78M, EV 89.4 MPH)
|
Pinch Hitting: SHB Paul Blaylock
|
0-0: Ball 1-0: Called Strike 1-1: Foul Ball, location: 2F 1-2: Ground out 4-3 (Groundball, 34D, EV 91.9 MPH)
|
Batting: RHB Elvin Ruffolo
|
0-0: Swinging Strike 0-1: Swinging Strike 0-2: Foul Ball, location: 2F 0-2: Strikes out looking
|
Bottom of the 8th over - 0 runs, 0 hits, 0 errors, 0 left on base; Florida State University 1 - Louisiana State University 1 |
TOP OF THE 9TH |
Florida State University Seminoles batting - Pitching for Louisiana State University Tigers : RHP Brian Hilbert
|
Pitching: RHP D.J. Ganz
|
|
Now at C: David Olivarez
|
|
Now in LF: Oscar Rivera
|
|
Now in CF: Alex Morales
|
|
Batting: LHB Matt Stewart
|
0-0: Ball 1-0: Foul Ball, location: 2F 1-1: Ground out U3 (Groundball, 34S, EV 71.9 MPH)
|
Pinch Hitting: RHB Mick Vaught
|
0-0: Foul Ball, location: 2F 0-1: Ball 1-1: Swinging Strike 1-2: Strikes out swinging
|
Pinch Hitting: RHB George Smienk
|
0-0: Ball 1-0: Fly out, F5 (Popup, 5, EV 75.0 MPH)
|
Top of the 9th over - 0 runs, 0 hits, 0 errors, 0 left on base; Florida State University 1 - Louisiana State University 1 |
BOTTOM OF THE 9TH |
Louisiana State University Tigers batting - Pitching for Florida State University Seminoles : RHP Bob Guerrero
|
Now at C: Hastings Miller
|
|
Now in CF: Emilio Guerra
|
|
Batting: LHB Jon Valdez
|
0-0: Called Strike 0-1: Called Strike 0-2: Ball 1-2: Foul Ball, location: 2F 1-2: Ball 2-2: Ball 3-2: Base on Balls
|
Batting: RHB Zachary Acker
|
0-0: Called Strike 0-1: Ball 1-1: Ball 2-1: Swinging Strike 2-2: Ball 3-2: Grounds into double play, 6-4-3 (Groundball, 6, EV 106.2 MPH)
|
Batting: RHB Steve McCoig
|
0-0: Called Strike 0-1: Ball 1-1: Foul Ball, location: 2F 1-2: Foul Ball, location: 2F 1-2: Foul Ball, location: 2F 1-2: Ball 2-2: Strikes out swinging
|
Bottom of the 9th over - 0 runs, 0 hits, 0 errors, 0 left on base; Florida State University 1 - Louisiana State University 1 |
TOP OF THE 10TH |
Florida State University Seminoles batting - Pitching for Louisiana State University Tigers : RHP D.J. Ganz
|
Pinch Hitting: SHB John Welsh
|
0-0: Called Strike 0-1: Foul Ball, location: 2F 0-2: Ground out 4-3 (Groundball, 4, EV 108.1 MPH)
|
Pinch Hitting: RHB Bart Hall
|
0-0: Ball 1-0: Called Strike 1-1: Foul Ball, location: 2F 1-2: Foul Ball, location: 2F 1-2: Ball 2-2: Foul Ball, location: 2F 2-2: Strikes out swinging
|
Pitching: RHP Jeremy Kolb
|
|
Pinch Hitting: SHB Jon Odle
|
0-0: Called Strike 0-1: Ball 1-1: Ball 2-1: Ball 3-1: Foul Ball, location: 2F 3-2: Foul Ball, location: 2F 3-2: Base on Balls
|
Batting: LHB Jeff Shields
|
0-0: Ball 1-0: Called Strike 1-1: Foul Ball, location: 2F 1-2: Strikes out swinging
|
Top of the 10th over - 0 runs, 0 hits, 0 errors, 1 left on base; Florida State University 1 - Louisiana State University 1 |
BOTTOM OF THE 10TH |
Louisiana State University Tigers batting - Pitching for Florida State University Seminoles : RHP Bob Guerrero
|
Pitching: RHP John Scott
|
|
Now at 1B: Grayson Carmichael
|
|
Now at 2B: David Lucarelli
|
|
Now in LF: Bill Christiansen
|
|
Batting: RHB Mike Catalano
|
0-0: Called Strike 0-1: Ball 1-1: Ground out 6-3 (Groundball, 6, EV 87.5 MPH)
|
Batting: LHB Alex Morales
|
0-0: Called Strike 0-1: Called Strike 0-2: Strikes out swinging
|
Pinch Hitting: SHB Graham Beamish
|
0-0: Called Strike 0-1: Ball 1-1: Called Strike 1-2: Strikes out swinging
|
Bottom of the 10th over - 0 runs, 0 hits, 0 errors, 0 left on base; Florida State University 1 - Louisiana State University 1 |
TOP OF THE 11TH |
Florida State University Seminoles batting - Pitching for Louisiana State University Tigers : RHP Jeremy Kolb
|
Now at 3B: Bernie Benavides
|
|
Pinch Hitting: RHB Julio Mendoza
|
0-0: Ground out 4-3 (Groundball, 4, EV 84.4 MPH)
|
Pinch Hitting: RHB Randy Bartlett
|
0-0: Ball 1-0: Ball 2-0: Foul Ball, location: 2F 2-1: Foul Ball, location: 2F 2-2: Ball 3-2: Reached on error, E6 (Groundball, 6, EV 80.6 MPH)
|
Batting: LHB Matt Stewart
|
0-0: Ball 1-0: Swinging Strike 1-1: Called Strike 1-2: Ball 2-2: Strikes out swinging
|
Pitching: RHP Jessie Amann
|
|
Batting: RHB Emilio Guerra
|
0-0: Ball 1-0: Ball 2-0: Foul Ball, location: 2F 2-1: Fly out, F9 (Flyball, 9LD, EV 102.5 MPH)
|
Top of the 11th over - 0 runs, 0 hits, 1 error, 1 left on base; Florida State University 1 - Louisiana State University 1 |
BOTTOM OF THE 11TH |
Louisiana State University Tigers batting - Pitching for Florida State University Seminoles : RHP John Scott
|
Now at SS: J.R. Harvey
|
|
Now in CF: Brian Clayton
|
|
Now in RF: Emilio Guerra
|
|
Pinch Hitting: RHB Johnny Healey
|
0-0: Called Strike 0-1: Ball 1-1: Foul Ball, location: 2F 1-2: Fly out, F8 (Line Drive, 8RM, EV 86.2 MPH)
|
Batting: LHB Oscar Rivera
|
0-0: Called Strike 0-1: Swinging Strike 0-2: Ball 1-2: Foul Ball, location: 2F 1-2: Strikes out swinging
|
Batting: RHB Elvin Ruffolo
|
0-0: Ball 1-0: Fly out, F7 (Flyball, 7, EV 85.6 MPH)
|
Bottom of the 11th over - 0 runs, 0 hits, 0 errors, 0 left on base; Florida State University 1 - Louisiana State University 1 |
TOP OF THE 12TH |
Florida State University Seminoles batting - Pitching for Louisiana State University Tigers : RHP Jessie Amann
|
Now at C: Stone Fraser
|
|
Pinch Hitting: RHB Matt Derry
|
0-0: Ground out 6-3 (Groundball, 6, EV 85.6 MPH)
|
Batting: RHB Grayson Carmichael
|
0-0: Called Strike 0-1: Swinging Strike 0-2: Strikes out looking
|
Batting: RHB David Lucarelli
|
0-0: Called Strike 0-1: Ball 1-1: Ground out 3-1 (Groundball, 34, EV 85.6 MPH)
|
Top of the 12th over - 0 runs, 0 hits, 0 errors, 0 left on base; Florida State University 1 - Louisiana State University 1 |
BOTTOM OF THE 12TH |
Louisiana State University Tigers batting - Pitching for Florida State University Seminoles : RHP John Scott
|
Now at C: Jayden Lindsey
|
|
Batting: LHB Jon Valdez
|
0-0: Called Strike 0-1: Ball 1-1: Called Strike 1-2: Ball 2-2: SINGLE (Groundball, 34D, EV 101.2 MPH)
|
Batting: RHB Zachary Acker
|
0-0: Ball 1-0: Called Strike 1-1: Foul Ball, location: 2F 1-2: Ball 2-2: Ball 3-2: Fly out, F7 (Flyball, 7S, EV 79.4 MPH)
|
Batting: RHB Steve McCoig
|
0-0: Ball 1-0: Fielders Choice at 2nd, 6-4 (Groundball, 6, EV 103.1 MPH)
|
Batting: RHB Mike Catalano
|
0-0: Called Strike Steve McCoig is caught stealing 2nd base 2-4
|
Bottom of the 12th over - 0 runs, 1 hit, 0 errors, 0 left on base; Florida State University 1 - Louisiana State University 1 |
TOP OF THE 13TH |
Florida State University Seminoles batting - Pitching for Louisiana State University Tigers : RHP Jessie Amann
|
Batting: RHB Bill Christiansen
|
0-0: Ball 1-0: Ground out 6-3 (Groundball, 56, EV 80.0 MPH)
|
Batting: LHB Jeff Shields
|
0-0: Ball 1-0: Foul Ball, location: 2F 1-1: DOUBLE (Line Drive, 78D, EV 113.8 MPH)
|
Batting: RHB J.R. Harvey
|
0-0: Intentional Walk
|
Batting: LHB Brian Clayton
|
0-0: Foul Ball, location: 2F 0-1: Fly out, F8 (Flyball, 89M, EV 85.0 MPH)
|
Batting: LHB Matt Stewart
|
0-0: Ball 1-0: Called Strike 1-1: Ball 2-1: Swinging Strike 2-2: Ball 3-2: Reached on error, E6 (Groundball, 6, EV 89.4 MPH) Jeff Shields to third J.R. Harvey to second
|
Batting: RHB Emilio Guerra
|
0-0: DOUBLE (Groundball, 3L, EV 105.6 MPH) Jeff Shields scores J.R. Harvey scores Matt Stewart to third Runner from 3rd tries for Home, SAFE, throw by RF to home
|
Pitching: RHP Brett Carothers
|
|
Batting: RHB Jayden Lindsey
|
0-0: Ball 1-0: Ball 2-0: Foul Ball, location: 2F 2-1: Swinging Strike 2-2: Strikes out swinging
|
Top of the 13th over - 3 runs, 2 hits, 1 error, 1 left on base; Florida State University 4 - Louisiana State University 1 |
BOTTOM OF THE 13TH |
Louisiana State University Tigers batting - Pitching for Florida State University Seminoles : RHP John Scott
|
Pitching: LHP Nick Linkletter
|
|
Batting: RHB Mike Catalano
|
0-0: Fly out, F6 (Line Drive, 6, EV 65.6 MPH)
|
Pinch Hitting: RHB David Dye
|
0-0: Ball 1-0: Foul Ball, location: 2F 1-1: Ball 2-1: Foul Ball, location: 2F 2-2: Ground out 4-3 (Groundball, 4, EV 108.8 MPH)
|
Batting: RHB Bernie Benavides
|
0-0: Reached on error, E6 (Groundball, 6, EV 84.4 MPH)
|
Batting: SHB Stone Fraser
|
0-0: Ball 1-0: Ball 2-0: Called Strike 2-1: Ball 3-1: Base on Balls Bernie Benavides to second
|
Pinch Hitting: RHB Bobby Lozada
|
0-0: Fly out, F7 (Flyball, 78M, EV 85.6 MPH)
|
Bottom of the 13th over - 0 runs, 0 hits, 1 error, 2 left on base; Florida State University 4 - Louisiana State University 1 |
|